AoeStats
← WENDIGO

Arena

510412318Analyzed
2v2 RM · 18h ago on Sep 30, 2026· 47m 35s· 4 players
Game mode
Random Map
Map size
Medium (4 player)
Population
200
Speed
Normal
Resources
Standard
Victory
Conquest
Starting age
Dark Age
Ending age
Imperial Age
RankedLock teamsTeams togetherTeam positionsShared explorationLock speedFull tech treeHidden civsTurbo modeCheats
Victory
Defeat
🇲🇽 Aztecs · Mexico
964
+14
🇲🇽 Italians · Mexico
950
+15
🇺🇾 Khitans · Uruguay
945
-15
🇺🇾 Vikings · Uruguay
902
-14
weirstt
0:29 Loom
10:37 Feudal Age
11:33 Double-Bit Axe
17:06 Castle Age
14:57 Horse Collar
15:56 Wheelbarrow
15:30 Stone Mining
16:35 Gold Mining
18:35 Bow Saw
25:49 Heavy Plow
29:52 Imperial Age
27:26 Fletching
29:14 Ballistics
29:44 Hand Cart
30:48 Stone Shaft Mining
31:13 Conscription
30:57 Padded Archer Armor
32:39 Chemistry
32:53 Crop Rotation
32:52 Bodkin Arrow
33:13 Leather Archer Armor
34:51 Pirotechnia
37:32 Bracer
38:02 Ring Archer Armor
41:05 Elite Genoese Crossbowman
WENDIGO
6:00 Loom
11:32 Feudal Age
12:36 Double-Bit Axe
12:59 Horse Collar
18:14 Wheelbarrow
18:37 Forging
19:24 Scale Mail Armor
21:50 Castle Age
19:53 Gold Mining
21:01 Fletching
23:18 Iron Casting
24:45 Squires
24:55 Eagle Warrior
26:43 Bow Saw
26:24 Arson
26:41 Herbal Medicine
27:03 Chain Mail Armor
27:37 Hand Cart
27:55 Heavy Plow
29:17 Crossbowman
30:23 Bodkin Arrow
33:10 Imperial Age
31:04 Caravan
32:13 Padded Archer Armor
32:12 Murder Holes
32:21 Murder Holes
33:09 Gold Shaft Mining
33:23 Fortified Wall
34:59 Blast Furnace
38:02 Conscription
38:25 Ballistics
42:26 Plate Mail Armor
43:37 Crop Rotation
46:48 Stone Mining
46:32 Elite Eagle Warrior
CATHEB
12:33 Feudal Age
17:56 Castle Age
16:53 Double-Bit Axe
20:42 Domestication
23:59 Bow Saw
26:01 Wheelbarrow
26:08 Pastoralism
26:15 Scale Mail Armor
26:25 Forging
28:22 Gold Mining
28:41 Caravan
29:21 Iron Casting
30:33 Hand Cart
35:51 Imperial Age
36:33 Elite Steppe Lancer
37:23 Stone Mining
38:41 Squires
38:26 Arson
39:39 Fletching
39:50 Padded Archer Armor
40:34 Bodkin Arrow
40:10 Elite Liao Dao
41:47 Treadmill Crane
42:23 Leather Archer Armor
41:35 Elite Skirmisher
42:46 Bracer
44:28 Conscription
45:11 Ring Archer Armor
46:19 Two-Man Saw
45:30 Loom
46:11 Ballistics
47:28 Chemistry
andres.arrua
11:32 Feudal Age
12:35 Town Watch
15:06 Loom
17:48 Castle Age
17:50 Double-Bit Axe
17:47 Horse Collar
20:23 Heavy Plow
21:05 Bow Saw
27:05 Caravan
33:15 Imperial Age
34:40 Crop Rotation
35:22 Two-Man Saw
35:31 Chemistry
34:30 Elite Skirmisher
Connection lost

Rejoining the realm…

Still unreachable

The connection could not be restored.

Session expired

The server has moved on; the page needs a fresh start.